Map: Dusk Towers

Players

JoNesbo

  • Race: Terran Terran
  • League: Master

Miszu - Winner!

  • Race: Terran Terran
  • League: Master

VOD

Have the link to the VOD?

Description

Time

  • Played on: March 29, 2016, 4:06 p.m.
  • Length: 15:57
Show
View Real Time Build Order
Export as new Build Order

JoNesbo Terran 

Build Orders: Reaper Expand 

Get SALT Encoding   

  12  0:00  SCV  
  13  0:13  SCV  
  14  0:17  Supply Depot  
  14  0:25  SCV  
  15  0:39  SCV  
  15  0:40  Barracks  
  16  0:45  Refinery  
  16  0:51  SCV  
  17  1:03  SCV  
  18  1:15  SCV  
  19  1:27  Reaper, Orbital Command  
  20  1:40  Command Center  
  20  1:49  Supply Depot  
  20  1:53  SCV  
  21  1:59  Marine  
  22  2:06  Factory  
  22  2:07  SCV  
  23  2:16  Refinery  
  23  2:17  Marine  
  23  2:20  SCV  
  25  2:32  SCV  
  25  2:34  Marine  
  27  2:51  Starport, SCV  
  28  2:52  Hellion  
  28  2:56  Orbital Command  
  29  3:02  Barracks Reactor  
  29  3:03  SCV  
  30  3:12  Supply Depot  
  30  3:14  Factory Tech Lab  
  30  3:19  SCV  
  31  3:25  SCV  
  32  3:28  Medivac  
  32  3:31  SCV  
  35  3:36  Refinery  
  35  3:38  Engineering Bay, SCV  
  36  3:41  Marine  
  36  3:42  Marine, Siege Tank  
  36  3:43  SCV  
  42  3:48  Supply Depot  
  42  3:50  SCV  
  43  3:58  SCV  
  43  3:59  Marine x2  
  43  4:00  Medivac  
  43  4:02  SCV  
  49  4:10  SCV  
  49  4:14  SCV  
  51  4:20  Command Center  
  51  4:24  Marine x2  
  51  4:27  SCV x2  
  51  4:30  Supply Depot  
  52  4:48  SCV x2  
  52  4:51  Viking, Missile Turret  
  52  4:52  Cyclone  
  59  4:53  Missile Turret  
  59  5:00  SCV x2  
  59  5:02  Marine x2, Missile Turret  
  60  5:26  Marine x2  
  60  5:27  SCV  
  60  5:34  SCV  
  60  5:35  Viking  
  61  5:37  Orbital Command  
  61  5:48  SCV x2  
  62  5:52  Marine  
  62  5:53  Marine, Siege Tank  
  67  5:59  Barracks  
  67  6:02  Barracks  
  63  6:04  Barracks  
  63  6:06  SCV x2  
  63  6:07  Starport Reactor  
  65  6:14  Orbital Command  
  66  6:18  SCV  
  66  6:26  Siege Tank  
  66  6:30  Barracks Tech Lab, SCV x2  
  71  6:37  Terran Infantry Weapons Level 1, Refinery  
  71  6:38  Barracks  
  71  6:40  SCV  
  71  6:42  SCV x2  
  71  6:44  Viking x2  
  78  6:52  SCV  
  79  6:54  SCV  
  79  6:57  Marine  
  83  7:05  Missile Turret  
  83  7:07  Barracks Tech Lab  
  83  7:08  Barracks Reactor x2  
  80  7:09  Stimpack  
  80  7:11  SCV x3  
  80  7:13  Supply Depot  
  80  7:15  Supply Depot, Marine  
  84  7:16  Supply Depot  
  84  7:23  SCV  
  84  7:27  Supply Depot  
  84  7:28  Combat Shields  
  85  7:34  Marine x3, Siege Tank, SCV  
  85  7:36  Refinery  
  92  7:39  SCV x2  
  94  7:46  SCV  
  89  7:57  Marine x4  
  89  7:58  Marine x3  
  83  7:59  SCV x2  
  83  8:00  Viking x2  
  87  8:06  Siege Tank  
  90  8:14  Marine  
  90  8:15  Marine x3, SCV x2  
  94  8:23  SCV  
  94  8:24  Marine x4  
  94  8:27  SCV  
  98  8:30  Medivac x2  
  99  8:35  Marine x3  
  99  8:39  Marine  
  99  8:40  Supply Depot, Siege Tank  
  106  8:41  Marine  
  106  8:43  Refinery  
  106  8:48  Marine x3  
  97  8:53  Marine  
  100  8:58  Marine x3  
  100  8:59  Marine  
  100  9:00  Medivac x2  
  108  9:06  Marine x3  
  108  9:07  SCV x2  
  113  9:11  Marine  
  113  9:14  Terran Infantry Armor Level 1  
  113  9:16  Engineering Bay, Marine x2  
  116  9:19  Command Center  
  116  9:20  Armory  
  116  9:28  Marine x2  
  115  9:40  Marine x3  
  115  9:43  Marine  
  115  9:44  Marine x2  
  115  9:45  Siege Tank  
  124  9:46  SCV  
  125  9:54  SCV  
  125  9:59  Marine x2  
  107  10:06  Marine x2  
  107  10:07  Marine x2  
  103  10:08  Marine x2  
  103  10:09  Medivac x2  
  103  10:11  Terran Infantry Weapons Level 2  
  103  10:12  Terran Vehicle Weapons Level 1  
  103  10:13  SCV x2  
  108  10:16  Factory  
  108  10:17  Marine x2  
  110  10:24  Marine x3, SCV  
  110  10:25  Barracks, SCV x2  
  110  10:26  Barracks  
  116  10:28  Marine  
  116  10:29  Marine x2  
  116  10:30  Siege Tank  
  116  10:34  Marine x2, Planetary Fortress  
  124  10:42  Marine x3  
  126  10:46  Marine  
  128  11:02  Marine x7, Siege Tank  
  138  11:04  Marine  
  138  11:06  SCV  
  138  11:07  Supply Depot x2  
  138  11:08  Factory Tech Lab, Missile Turret  
  140  11:14  Supply Depot x2  
  140  11:16  SCV x2  
  140  11:17  Terran Infantry Armor Level 2  
  142  11:19  Marine x2  
  142  11:20  Marine x3  
  148  11:31  Marine, Siege Tank  
  148  11:32  Barracks Reactor, Marine x2  
  154  11:33  Barracks Reactor  
  154  11:34  Siege Tank  
  154  11:38  Marine x3  
  154  11:39  SCV  
  161  11:40  SCV  
  161  11:42  Refinery  
  161  11:46  Supply Depot  
  161  11:57  Marine x8  
  169  12:03  Siege Tank  
  172  12:09  Command Center  
  172  12:12  Siege Tank  
  172  12:14  Marine x5  
  172  12:15  Marine x2  
  182  12:21  Marine x3  
  182  12:22  Marine  
  186  12:30  Terran Infantry Weapons Level 3, Terran Vehicle Weapons Level 2  
  186  12:33  Marine x2  
  188  12:38  Supply Depot x2  
  188  12:41  Marine  
  178  12:52  Marine x5  
  178  12:53  Marine  
  178  12:58  Marine x3  
  150  13:14  Marine x4  
  150  13:15  Marine x4  
  150  13:16  Marine, Siege Tank  
  108  13:20  Marine x3  
  108  13:21  Medivac x2  
  115  13:27  Sensor Tower  
  115  13:31  Marine  
  115  13:32  Marine x3  
  115  13:33  Marine x3  
  122  13:38  Marine  
  122  13:39  Marine x2  
  125  13:49  Planetary Fortress  
  125  13:51  Medivac x2  
  129  14:09  Marine x3  
  123  14:27  Marine x2  
  123  14:28  Marine x3, Siege Tank  
  129  14:45  Marine x4  
  122  14:46  Marine x4  
  122  14:47  Siege Tank  
  122  14:49  Medivac  
  122  14:50  Medivac  
  132  14:55  Marine x2  
  131  15:03  Siege Tank  
  133  15:08  Marine x3  
  133  15:13  Marine  
  137  15:19  Siege Tank  
  132  15:27  Marine x2  
  92  15:35  Marine x3  
  92  15:38  Marine x3  
  92  15:39  Marine  
Show
View Real Time Build Order
Export as new Build Order

Miszu Terran - Winner!

Build Orders: Reaper Expand, Banshee Rush 

Get SALT Encoding   

  12  0:00  SCV  
  13  0:12  SCV  
  14  0:18  Supply Depot  
  14  0:25  SCV  
  15  0:40  SCV  
  16  0:46  Barracks  
  16  0:50  Refinery  
  16  0:52  SCV  
  17  1:04  SCV  
  18  1:23  SCV  
  19  1:35  Orbital Command  
  19  1:36  Reaper  
  20  1:42  Command Center  
  20  1:47  Supply Depot  
  20  2:01  SCV  
  21  2:11  Factory  
  21  2:15  Refinery, SCV  
  22  2:25  Supply Depot  
  22  2:27  SCV  
  22  2:28  Barracks Reactor  
  22  2:39  SCV  
  22  2:53  SCV  
  24  2:59  Orbital Command  
  24  3:02  Starport  
  24  3:05  SCV  
  24  3:07  Factory Tech Lab  
  24  3:09  Marine x2  
  26  3:17  SCV  
  27  3:24  SCV  
  27  3:26  Marine x2  
  28  3:29  SCV  
  30  3:36  SCV  
  32  3:41  SCV  
  32  3:44  Cloaking Field  
  32  3:45  Banshee  
  35  3:49  SCV  
  35  3:53  SCV  
  35  3:55  Factory Tech Lab  
  37  4:01  SCV  
  37  4:02  Marine x2  
  40  4:05  SCV  
  41  4:13  SCV  
  41  4:14  Siege Tank  
  45  4:17  SCV  
  45  4:22  Command Center  
  46  4:25  Supply Depot, SCV  
  46  4:29  SCV  
  46  4:30  Banshee  
  51  4:37  SCV  
  51  4:41  SCV  
  46  4:49  SCV  
  47  4:53  Marine x2  
  47  4:54  SCV  
  50  5:01  SCV  
  50  5:04  Supply Depot  
  50  5:06  SCV  
  52  5:11  Marine  
  52  5:13  SCV  
  54  5:19  Marine  
  54  5:26  Banshee  
  53  5:30  SCV  
  53  5:34  SCV  
  54  5:36  Marine  
  54  5:42  SCV  
  56  5:43  Siege Tank  
  56  5:48  Barracks  
  54  5:50  Barracks  
  54  5:51  SCV  
  54  5:53  Orbital Command  
  54  5:54  Marine, SCV  
  50  6:03  SCV  
  49  6:07  SCV  
  50  6:12  Marine  
  50  6:16  SCV  
  52  6:19  SCV x2  
  52  6:24  Starport Reactor  
  54  6:28  SCV  
  54  6:30  Refinery  
  54  6:31  Refinery, SCV x2  
  58  6:37  Barracks Tech Lab  
  57  6:40  Barracks Reactor, Engineering Bay, SCV  
  57  6:42  Engineering Bay  
  57  6:43  SCV  
  57  6:45  Orbital Command  
  59  6:47  Marine  
  59  6:52  SCV  
  61  6:55  SCV  
  62  7:01  Marine  
  62  7:03  Stimpack, Combat Shields  
  62  7:04  SCV  
  62  7:05  Marine  
  62  7:07  SCV  
  63  7:11  SCV  
  63  7:15  Terran Infantry Weapons Level 1  
  64  7:16  SCV  
  64  7:18  Barracks  
  64  7:19  SCV  
  64  7:20  Barracks  
  66  7:23  SCV  
  66  7:27  Supply Depot x2  
  66  7:28  Marine x3, SCV  
  66  7:29  Marine  
  72  7:30  Siege Tank  
  72  7:31  Refinery, SCV  
  72  7:35  Refinery, SCV  
  77  7:48  Marine x2, Medivac, SCV  
  77  7:49  Marine, SCV x2  
  77  7:50  Supply Depot x2  
  84  7:58  Marine  
  76  8:00  SCV  
  76  8:01  SCV  
  74  8:06  Marine x2, Orbital Command  
  74  8:07  Marine  
  74  8:08  Marine  
  74  8:09  Marine  
  77  8:16  Marine  
  76  8:24  Marine x2  
  76  8:25  Marine  
  77  8:28  Supply Depot  
  77  8:29  Marine, Medivac x2, Siege Tank  
  77  8:31  Supply Depot, Marine  
  77  8:34  Marine  
  80  8:42  Marine x2  
  80  8:46  Orbital Command  
  79  8:49  Marine  
  79  8:53  Marine x3  
  83  9:00  Marine x2, SCV  
  83  9:01  Siege Tank, SCV  
  89  9:09  Armory  
  90  9:11  Marine x2, SCV  
  90  9:13  SCV x2  
  96  9:17  Marine  
  96  9:19  Barracks Reactor x2  
  96  9:23  Refinery, SCV  
  96  9:25  SCV x2  
  97  9:32  Refinery  
  97  9:34  Siege Tank  
  97  9:35  SCV  
  97  9:37  SCV x2  
  94  9:40  Marine x4  
  91  9:47  SCV  
  91  9:49  SCV  
  92  9:53  Supply Depot  
  92  9:54  Supply Depot  
  92  9:55  Supply Depot  
  92  9:58  Marine x4  
  92  9:59  Marine  
  78  10:10  Marine  
  78  10:11  Medivac x2  
  78  10:12  SCV  
  78  10:13  SCV  
  85  10:15  Siege Tank, SCV  
  85  10:16  Marine x4  
  85  10:19  Terran Infantry Armor Level 1, Terran Infantry Weapons Level 2  
  93  10:25  SCV x2  
  93  10:26  Marine x3  
  93  10:27  SCV  
  99  10:32  Factory  
  99  10:33  Marine  
  100  10:35  Marine  
  100  10:39  Missile Turret  
  101  10:43  SCV  
  101  10:44  Missile Turret  
  101  10:46  Missile Turret  
  101  10:47  Siege Tank, SCV x2  
  107  10:51  Marine  
  107  10:52  Marine  
  108  11:03  Marine  
  108  11:04  Marine  
  108  11:06  Marine  
  108  11:11  Supply Depot, Marine, Medivac x2  
  114  11:15  Supply Depot  
  114  11:17  Marine x2  
  114  11:18  Factory Tech Lab  
  116  11:19  Siege Tank  
  116  11:22  Terran Vehicle Weapons Level 1  
  116  11:23  Marine x2  
  116  11:24  Marine  
  122  11:34  Marine  
  122  11:35  Marine  
  124  11:41  Sensor Tower  
  124  11:42  Marine x4  
  124  11:43  Marine x2  
  130  11:51  Siege Tank  
  130  11:52  Marine  
  130  11:53  Marine  
  135  11:54  Siege Tank  
  135  11:59  Supply Depot, Marine  
  135  12:00  Marine  
  140  12:01  Supply Depot  
  140  12:09  Marine  
  141  12:17  Missile Turret  
  141  12:19  Missile Turret  
  141  12:20  Marine x5, Medivac  
  148  12:23  Terran Infantry Armor Level 2  
  148  12:28  Marine x2  
  148  12:29  Marine  
  151  12:34  Missile Turret  
  151  12:38  Marine  
  151  12:49  Siege Tank  
  151  12:50  Siege Tank  
  157  12:58  Medivac  
  157  12:59  Medivac  
  134  13:14  Marine  
  134  13:15  Marine x7  
  120  13:22  Siege Tank  
  123  13:32  Marine x5  
  123  13:33  Marine x3  
  131  13:35  Orbital Command  
  131  13:40  Siege Tank  
  134  13:50  Marine x8  
  142  14:11  Marine  
  142  14:12  Marine x7, Siege Tank  
  153  14:29  Marine, Siege Tank  
  157  14:39  Marine  
  157  14:41  Marine x4  
  157  14:55  Marine  
  157  14:57  Marine  
  157  14:59  Marine x2, Medivac x2  
  157  15:18  Marine x3  
  157  15:19  Marine x2  
  157  15:20  Marine  
  157  15:21  Marine x2  
  157  15:22  Siege Tank x2  
  124  15:36  Marine x3  
  124  15:37  Marine x2  
  124  15:38  Marine x2  
Tags
 
Add a new tag
Caveats
  • Supply blocks, unpowered buildings, or Contaminate may cause inaccurate times.
  • Supply counts are checked every 10 seconds.